[Event "Titled Tuesday Blitz May 03 Early 2022"]
[White "Iljin, Timofey"]
[Black "Vokarev, Sergey"]
[WhiteFideId "14110180"]
[BlackFideId "4119711"]
[WhiteElo "2396"]
[BlackElo "2343"]
[Result "1/2-1/2"]
[Round "10"]
[TimeControl "180+1"]
[Date "2022.05.03"]
[WhiteClock "0:00:15"]
[BlackClock "0:00:05"]

1. d4 d5 2. c4 dxc4 3. e4 b5 4. a4 c6 5. axb5 cxb5 6. Nc3 a6 7. Nxb5 axb5 8. Rxa8 Bb7 9. Ra1 e6 10. Ne2 Bxe4 11. Nc3 Bb4 12. Bd2 Bxc3 13. bxc3 Nf6 14. f3 Bc6 15. Be2 O-O 16. O-O Nbd7 17. Bg5 h6 18. Bh4 Qb6 19. Bf2 Nd5 20. Qd2 Qb7 21. Rfb1 N7b6 22. Bd1 Ra8 23. Bc2 Ne7 24. Rxa8+ Qxa8 25. Qc1 Nbd5 26. Ra1 Qb8 27. Qa3 b4 28. cxb4 Qxb4 29. Be4 Qxa3 30. Rxa3 f5 31. Bb1 Nf4 32. Ba2 Bd5 33. Ra7 c3 34. Rxe7 Bxa2 35. Rc7 Bb3 36. Be1 c2 37. Bd2 Ne2+ 38. Kf2 Nxd4 39. Ke3 e5 40. f4 Ne6 41. Rc8+ Kf7 42. fxe5 g5 43. g3 f4+ 44. Ke4 fxg3 45. hxg3 h5 46. Be3 Kg6 47. Rc3 Ba2 48. Kf3 Bb1 49. Rc6 Kf5 50. Kf2 Kxe5 51. Rc8 Kf5 52. Rg8 h4 53. gxh4 gxh4 54. Rh8 Kg4 55. Kg2 Nf4+ 56. Kh2 Nd3 57. Rc8 Kf3 58. Bg5 Ke2 59. Re8+ Kd1 60. Rh8 c1=Q 61. Bxc1 Kxc1 62. Rxh4 Kd2 63. Rd4 Bc2 64. Rd8 Ke3 65. Kg3 Bd1 66. Re8+ Kd2 67. Rd8 Bc2 68. Re8 Kc3 69. Rd8 Nb4 70. Rc8+ Kd2 71. Kf2 Nd3+ 72. Kf3 Ne5+ 73. Kf4 Nd3+ 74. Ke4 Nb4+ 75. Kd4 Nd3 76. Rh8 Nc1 77. Rh2+ Ne2+ 78. Kc4 Ke3 79. Rh3+ Kd2 80. Rh2 Bd3+ 81. Kd5 Ke3 82. Ke5 Kd2 83. Rg2 Ke3 84. Rh2 Kf3 85. Rh3+ Ng3 86. Kd4 Bf5 87. Rh8 Ne2+ 88. Ke5 Bd3 89. Rf8+ Ke3 90. Rb8 Kd2 91. Rb2+ Ke3 92. Ra2 Kf3 93. Ra3 Ke3 94. Kd5 Nf4+ 95. Kc5 Ne2 96. Kb4 Nf4 97. Ra8 Ke4 98. Re8+ Kf3 99. Kc3 Be2 100. Kd2 Bd3 101. Rf8 Be2 102. Kc3 Bd3 103. Kd4 Be2 104. Re8 Kg3 105. Re3+ Bf3 106. Ke5 Ng2 107. Ra3 Kf2 108. Kf5 Be2 109. Kg5 Ne3 110. Ra2 Nd1 111. Kf4 Ne3 112. Ra8 1/2-1/2


[Site "https://www.chess.com"]

[Event "Titled Tuesday Blitz May 03 Early 2022"]
[White "Ismayil, Malak"]
[Black "Gatterer, Florian"]
[WhiteFideId "13412604"]
[BlackFideId "811688"]
[WhiteElo "1879"]
[BlackElo "2218"]
[Result "1-0"]
[Round "10"]
[TimeControl "180+1"]
[Date "2022.05.03"]
[WhiteClock "0:00:27"]
[BlackClock "0:00:02"]

1. e4 d6 2. d4 Nf6 3. Nc3 g6 4. g3 Bg7 5. Bg2 O-O 6. Nge2 e5 7. O-O exd4 8. Nxd4 Re8 9. Bg5 h6 10. Bxf6 Bxf6 11. Nd5 Bg7 12. c3 Nc6 13. Nxc6 bxc6 14. Ne3 Rb8 15. Qd2 c5 16. Rfe1 a5 17. Rad1 a4 18. Nd5 a3 19. b3 Bb7 20. c4 Kh7 21. f4 Bxd5 22. cxd5 Bd4+ 23. Kh1 Qd7 24. Re2 h5 25. Rde1 h4 26. Qd3 Qg4 27. Bf3 Qd7 28. Kg2 h3+ 29. Kh1 f5 30. e5 Qb5 31. Qxb5 Rxb5 32. exd6 Rxe2 33. Bxe2 Rb7 34. Ba6 Ra7 35. d7 Bf6 36. Bc8 c4 37. bxc4 Ra4 38. Re8 Rb4 39. Kg1 Rb2 40. d8=Q Bxd8 41. Rxd8 Rg2+ 42. Kf1 Rxa2 43. Rd7+ Kh6 44. Rxc7 Rxh2 45. Ra7 a2 46. Kg1 Rb2 47. d6 1-0


[Site "https://www.chess.com"]

[Event "Titled Tuesday Blitz May 03 Early 2022"]
[White "Jaskolka, Tomasz"]
[Black "Yurovskykh, Oleksandr"]
[WhiteFideId "1170791"]
[BlackFideId "14134020"]
[WhiteElo "2073"]
[BlackElo "2292"]
[Result "0-1"]
[Round "10"]
[TimeControl "180+1"]
[Date "2022.05.03"]
[WhiteClock "0:00:09"]
[BlackClock "0:00:22"]

1. d4 d5 2. Bf4 c5 3. e3 Nc6 4. c3 Bf5 5. Nd2 e6 6. Ngf3 Nf6 7. Qa4 Nd7 8. Be2 Be7 9. O-O O-O 10. h3 a6 11. Qd1 Rc8 12. c4 cxd4 13. exd4 dxc4 14. Nxc4 Nf6 15. Rc1 Nd5 16. Be5 f6 17. Bg3 Bg6 18. Re1 b5 19. Ne3 Nxe3 20. fxe3 Bd6 21. Bf2 Ne7 22. Qb3 Qd7 23. Bd3 Bxd3 24. Qxd3 Rxc1 25. Rxc1 Rc8 26. Rxc8+ Qxc8 27. Qd2 f5 28. Ne1 Nd5 29. Qc2 Qxc2 30. Nxc2 Nf6 31. Kf1 Ne4 32. Ke2 Kf7 33. Be1 g5 34. Bb4 Bc7 35. b3 g4 36. Be1 h5 37. Nb4 a5 38. Nd3 gxh3 39. gxh3 Ng5 40. h4 Ne4 41. a4 bxa4 42. bxa4 Ke8 43. Nf4 Bxf4 44. exf4 Kd7 45. Bxa5 Kc6 46. Bd8 Nc3+ 47. Kd3 Nxa4 48. Kc4 Nb2+ 49. Kc3 Nd1+ 50. Kd3 Nf2+ 51. Ke3 Ng4+ 52. Kd3 Kd5 53. Bc7 Nf2+ 54. Ke3 Ne4 55. Bd8 Nd6 56. Bf6 Nb7 57. Kd3 Na5 58. Be7 Nc6 59. Bf6 Nb4+ 60. Kc3 Na6 61. Kd3 Nb8 62. Kc3 Nd7 63. Bg7 Ke4 64. Bh6 Nb6 65. Kb4 Kxd4 66. Bg7+ Kd5 67. Kc3 Nc8 68. Kd3 Nd6 69. Be5 Ne4 70. Ke3 Nc5 71. Bb8 Kc4 72. Be5 Na4 73. Bf6 Nb6 74. Be5 Nd5+ 75. Kf3 Kd3 76. Bd6 Nc3 77. Be5 Nb5 78. Bb8 Nd4+ 79. Kg3 Ke4 80. Ba7 Nb5 81. Bb8 Nc3 82. Bc7 Ke3 83. Bb6+ Ke2 84. Bc7 Ne4+ 85. Kg2 Nd2 86. Kg3 Nc4 87. Bb8 Ne3 88. Bc7 Nf1+ 89. Kg2 Nd2 90. Kg3 Ne4+ 91. Kg2 Ke3 92. Bb8 Nf6 93. Kg3 Nd5 94. Ba7+ Ke2 95. Bb8 Kf1 96. Ba7 Ke2 97. Bb8 Kd3 98. Ba7 Ne7 99. Bb8 Nc6 100. Bc7 Ke4 101. Bd6 e5 102. fxe5 Nxe5 103. Bxe5 Kxe5 104. Kf3 f4 105. Kf2 Ke4 106. Kg2 f3+ 107. Kf2 Kf4 108. Kf1 Kg3 109. Kg1 Kxh4 110. Kf2 Kg4 111. Kg1 Kg3 112. Kf1 f2 113. Ke2 Kg2 0-1


[Site "https://www.chess.com"]

[Event "Titled Tuesday Blitz May 03 Early 2022"]
[White "Jian, Alex"]
[Black "Hart, Braeden"]
[WhiteFideId "30901022"]
[BlackFideId "30962587"]
[WhiteElo "2111"]
[BlackElo "2520"]
[Result "1-0"]
[Round "10"]
[TimeControl "180+1"]
[Date "2022.05.03"]
[WhiteClock "0:00:03"]
[BlackClock "0:00:02"]

1. d4 e5 2. dxe5 d6 3. Nf3 Bg4 4. Bf4 Nc6 5. exd6 Qf6 6. Qc1 Bxd6 7. Bxd6 Qxd6 8. Nc3 O-O-O 9. e3 Bxf3 10. gxf3 Nf6 11. Bg2 h5 12. O-O h4 13. h3 Qc5 14. Qe1 Rh6 15. Rd1 Re8 16. Qe2 a6 17. Kh1 Nh5 18. Qd3 Kb8 19. Qd5 Qe7 20. Qc4 Rg6 21. Rg1 Ne5 22. Qd5 Rg5 23. f4 Rxg2 24. Rxg2 Ng6 25. Qxh5 Rd8 26. Rxd8+ Qxd8 27. Qd1 Qf6 28. Qd4 Qe6 29. Kh2 Ne7 30. Qe5 Qd7 31. Qxg7 Nf5 32. Qh8+ Ka7 33. Qe5 Nd6 34. Qc5+ b6 35. Qd5 Qe7 36. e4 Nb7 37. e5 f6 38. e6 f5 39. Qd7 Qb4 40. Ne2 Qc4 41. f3 Nd6 42. e7 Qf7 43. e8=Q Nb7 44. Qexf7 1-0


[Site "https://www.chess.com"]

[Event "Titled Tuesday Blitz May 03 Early 2022"]
[White "Jobava, Baadur"]
[Black "Bartel, Michal"]
[WhiteFideId "13601520"]
[BlackFideId "1119257"]
[WhiteElo "2617"]
[BlackElo "2211"]
[Result "0-1"]
[Round "10"]
[TimeControl "180+1"]
[Date "2022.05.03"]
[WhiteClock "0:00:12"]
[BlackClock "0:01:26"]

1. b3 d5 2. Bb2 Bg4 3. f3 Bh5 4. e3 Nd7 5. Nc3 e6 6. d4 c6 7. Qd2 Bd6 8. Nge2 Qc7 9. O-O-O Bg6 10. Nf4 Ne7 11. h4 h6 12. Nxg6 Nxg6 13. Bd3 Ne7 14. g4 e5 15. Kb1 O-O-O 16. Qf2 exd4 17. exd4 Bg3 18. Qg2 Bf4 19. Ne2 Be3 20. f4 Ng6 21. Bxg6 fxg6 22. Qf3 Rde8 23. Rd3 Nf6 24. Rxe3 Rxe3 25. Qxe3 Re8 26. Qf3 Ne4 27. Rd1 Qa5 28. Bc3 Qd8 29. Kb2 Qxh4 30. Be1 Qf6 31. Ng3 Nd6 32. Bf2 g5 33. f5 Ne4 34. Nxe4 Rxe4 35. c3 Qe7 36. Rd2 a5 37. a4 b6 38. Bg3 Re3 39. Qf2 Qe4 40. Be5 Re1 41. Rc2 Qh1 42. Bxg7 Ra1 43. c4 Qb1+ 44. Kc3 Ra3 45. Rb2 Qc1+ 46. Kd3 dxc4+ 47. Ke4 Rxb3 0-1


[Site "https://www.chess.com"]

[Event "Titled Tuesday Blitz May 03 Early 2022"]
[White "Kanyamarala, Tarun"]
[Black "Bendayan Claros, Aaron"]
[WhiteFideId "45004714"]
[BlackFideId "3803392"]
[WhiteElo "2177"]
[BlackElo "2132"]
[Result "1-0"]
[Round "10"]
[TimeControl "180+1"]
[Date "2022.05.03"]
[WhiteClock "0:00:14"]
[BlackClock "0:00:03"]

1. d4 d5 2. Bf4 Nf6 3. e3 e6 4. Nd2 Bd6 5. Ngf3 O-O 6. Bd3 c5 7. c3 Qc7 8. Ne5 Nbd7 9. Ndf3 b6 10. O-O Bb7 11. Re1 Ne4 12. Bxe4 dxe4 13. Nxd7 Qxd7 14. dxc5 exf3 15. Qxd6 Qb5 16. cxb6 axb6 17. Qb4 Qxb4 18. cxb4 fxg2 19. e4 b5 20. Kxg2 Rfc8 21. Bd2 f5 22. Bc3 Bxe4+ 23. f3 Bd5 24. a3 Kf7 25. Kf2 g5 26. Rg1 h6 27. h4 Rg8 28. hxg5 hxg5 29. Rh1 g4 30. Rh7+ Kg6 31. Rah1 Bxf3 32. R1h6+ Kg5 33. Bd2+ f4 34. Rh5+ Kf6 35. Bxf4 Rac8 36. Be5+ Kg6 37. Bc3 Bd5 38. Kg3 Rgf8 39. R7h6+ Kf7 40. Kxg4 Ke7 41. Kg3 Kd6 42. Be5+ Kd7 43. Rh7+ Kc6 44. Ra7 Rf3+ 45. Kh2 Rg8 46. Rhh7 Rf2+ 47. Kh3 Bg2+ 48. Kh4 Kd5 49. Bg3 Be4 50. Rhd7+ Kc4 51. Bxf2 Bd5 52. Rac7+ Kb3 53. Bd4 Rf8 54. Bc3 Rf4+ 55. Kg5 Rf3 56. Rd8 Rf1 57. Re7 Rg1+ 58. Kf6 Rf1+ 59. Ke5 Re1+ 60. Kd6 Rd1 61. Kc7 Rf1 62. Rd6 Rf8 63. Rb6 Ka4 64. Kd6 Bc4 65. Ra7+ Kb3 66. Rg7 Rd8+ 67. Ke7 Rd1 68. Rg3 Kc2 69. Bf6 Rf1 70. Rc3+ Kd2 71. Rd6+ Ke2 72. Rxc4 bxc4 73. Rxe6+ Kd3 74. Bc3 Kc2 75. Kd6 Kb3 76. Kc5 Rf5+ 77. Re5 Rf7 78. b5 Rc7+ 79. Kb6 Rc8 80. Kb7 Rg8 81. b6 Rg7+ 82. Ka8 Rg8+ 83. Ka7 Ka4 84. b7 Kb3 85. b8=Q+ Rxb8 86. Kxb8 1-0


[Site "https://www.chess.com"]

[Event "Titled Tuesday Blitz May 03 Early 2022"]
[White "Kanyamarala, Trisha"]
[Black "Puccini, Jack"]
[WhiteFideId "45004722"]
[BlackFideId "3213307"]
[WhiteElo "2079"]
[BlackElo "2352"]
[Result "1-0"]
[Round "10"]
[TimeControl "180+1"]
[Date "2022.05.03"]
[WhiteClock "0:01:50"]
[BlackClock "0:00:20"]

1. b3 e5 2. Bb2 d6 3. c4 Nf6 4. Nc3 g6 5. g3 Bg7 6. Bg2 O-O 7. Nf3 Re8 8. O-O c6 9. e4 Nbd7 10. d4 exd4 11. Nxd4 Nc5 12. Re1 Qc7 13. Qd2 a5 14. Rad1 Bg4 15. f3 Bd7 16. Nde2 Qb6 17. Kh1 a4 18. Qxd6 axb3 19. e5 Re6 20. Qd4 Nh5 21. Ne4 Bxe5 22. Qxc5 Qxc5 23. Nxc5 Bxb2 24. axb3 1-0


[Site "https://www.chess.com"]

[Event "Titled Tuesday Blitz May 03 Early 2022"]
[White "Khamdamova, Afruza"]
[Black "Andreev, Eduard"]
[WhiteFideId "14210444"]
[BlackFideId "14103400"]
[WhiteElo "1660"]
[BlackElo "2382"]
[Result "0-1"]
[Round "10"]
[TimeControl "180+1"]
[Date "2022.05.03"]
[WhiteClock "0:00:19"]
[BlackClock "0:00:16"]

1. e4 c5 2. Nf3 d6 3. d4 cxd4 4. Nxd4 Nf6 5. Nc3 Nc6 6. Be2 g6 7. Be3 Bg7 8. Qd2 Ng4 9. Bxg4 Bxg4 10. f3 Be6 11. Nxe6 fxe6 12. O-O-O Rc8 13. Bh6 O-O 14. Bxg7 Kxg7 15. h4 h6 16. Kb1 Qa5 17. f4 b5 18. h5 b4 19. Ne2 b3 20. cxb3 Qxd2 21. Rxd2 g5 22. fxg5 hxg5 23. Nc3 Kh6 24. a3 Ne5 25. Nb5 a6 26. Nd4 Rf6 27. b4 Ng4 28. Re2 Rc4 29. Nf3 Rf4 30. e5 d5 31. Rc2 Ne3 32. Rxc4 Rxc4 33. g3 Nf5 34. Rg1 Rg4 35. Kc2 Kxh5 36. Nh2 Rxg3 37. Rxg3 Nxg3 38. a4 Ne4 39. b5 a5 40. b6 Nc5 41. b3 g4 42. Nf1 Kh4 43. Kc3 g3 44. Ne3 Kh3 45. b4 Nxa4+ 46. Kd2 Nxb6 47. bxa5 Na8 48. a6 g2 49. Nxg2 Kxg2 50. a7 Kg3 51. Kc3 Kf4 0-1


[Site "https://www.chess.com"]

[Event "Titled Tuesday Blitz May 03 Early 2022"]
[White "Khokhlova, Daria"]
[Black "Estrada Nieto, Julian"]
[WhiteFideId "24182729"]
[BlackFideId "5101018"]
[WhiteElo "2034"]
[BlackElo "2252"]
[Result "1-0"]
[Round "10"]
[TimeControl "180+1"]
[Date "2022.05.03"]
[WhiteClock "0:00:21"]
[BlackClock "0:00:36"]

1. d4 Nf6 2. c4 e6 3. Nf3 c5 4. d5 exd5 5. cxd5 d6 6. Nc3 g6 7. g3 Bg7 8. Bg2 O-O 9. O-O Re8 10. Bf4 a6 11. a4 Bf5 12. Nd2 Nh5 13. e4 Nxf4 14. gxf4 Bc8 15. Nc4 Bd4 16. a5 Qf6 17. Qd2 Nd7 18. Ne2 Rb8 19. Nxd4 cxd4 20. Rfe1 Nc5 21. Rad1 d3 22. b4 Na4 23. Qxd3 Bd7 24. e5 Qxf4 25. Re4 Qg5 26. h4 Qh6 27. Nxd6 Nb2 28. Qd2 Qh5 29. Nxe8 Rxe8 30. Rde1 Bb5 31. e6 Nc4 32. Qd4 fxe6 33. dxe6 Qh6 34. e7 Qg7 35. Qxg7+ Kxg7 36. Bf1 Nd6 37. Re6 Bxf1 38. Kxf1 Nf5 39. h5 Kf7 40. hxg6+ hxg6 41. Rb6 Rb8 42. e8=Q+ Rxe8 43. Rxe8 Kxe8 44. Rxb7 Nd4 45. Rb6 g5 46. Rxa6 Kd7 47. Rg6 Ne6 48. b5 Nc5 49. Rxg5 Nb3 50. a6 Nd4 51. a7 Nxb5 52. a8=Q Nd6 53. Qd5 Ke7 54. Rg7+ Kf6 55. Qxd6+ Kxg7 56. f4 Kh7 57. f5 Kg7 58. f6+ Kg8 59. Kf2 Kh7 60. Kf3 Kg6 61. Kf4 Kf7 62. Qe7+ Kg6 63. Qg7+ Kh5 64. f7 Kh4 65. f8=Q Kh3 66. Qfh8# 1-0


[Site "https://www.chess.com"]

[Event "Titled Tuesday Blitz May 03 Early 2022"]
[White "Kim, Sergey"]
[Black "Varshini, V"]
[WhiteFideId "13700570"]
[BlackFideId "5091241"]
[WhiteElo "2548"]
[BlackElo "1948"]
[Result "1-0"]
[Round "10"]
[TimeControl "180+1"]
[Date "2022.05.03"]
[WhiteClock "0:00:20"]
[BlackClock "0:00:06"]

1. d4 d5 2. c4 e6 3. Nc3 Nf6 4. Nf3 Be7 5. Bf4 O-O 6. e3 a6 7. c5 b6 8. b4 a5 9. a3 c6 10. h3 Ba6 11. Be2 Bxe2 12. Nxe2 Ne4 13. O-O Na6 14. Qb3 b5 15. Qb2 Qc8 16. Ne5 Bd8 17. f3 Nf6 18. Nc3 Nd7 19. Nd3 Bc7 20. Bxc7 Qxc7 21. e4 Rfb8 22. Rae1 Rd8 23. e5 Nf8 24. f4 Ng6 25. f5 exf5 26. Rxf5 Rf8 27. Ref1 Rae8 28. Qd2 Nb8 29. Qg5 Nd7 30. h4 axb4 31. axb4 Qd8 32. h5 Qxg5 33. Rxg5 Ne7 34. h6 g6 35. Nf4 Kh8 36. e6 fxe6 37. Nxe6 Rxf1+ 38. Kxf1 Nf5 39. Ng7 Nxg7 40. hxg7+ Kxg7 41. Rg3 Nf6 42. Ne2 Ne4 43. Ra3 Rf8+ 44. Ke1 Re8 45. Kd1 Re6 46. Ra7+ Kh6 47. Nf4 Rf6 48. Nd3 Nc3+ 49. Kc2 Ne4 50. Rc7 g5 51. g4 Re6 52. Ne5 Nf6 53. Nf7+ Kg6 54. Ne5+ Kh6 55. Kd3 Ne4 56. Rxc6 Rxc6 57. Nxc6 Nf2+ 58. Ke2 Nxg4 59. Na7 Nf6 60. c6 Ne8 61. Nxb5 Kg6 62. c7 Nxc7 63. Nxc7 Kf5 64. b5 Kf6 65. b6 Ke7 66. b7 Kd7 67. b8=Q 1-0


[Site "https://www.chess.com"]

[Event "Titled Tuesday Blitz May 03 Early 2022"]
[White "Kohler, Aran"]
[Black "Sztokbant, Bernardo Vainzoff"]
[WhiteFideId "1002856"]
[BlackFideId "2115956"]
[WhiteElo "2319"]
[BlackElo "2225"]
[Result "0-1"]
[Round "10"]
[TimeControl "180+1"]
[Date "2022.05.03"]
[WhiteClock "0:00:03"]
[BlackClock "0:00:06"]

1. d4 d5 2. Nf3 Nf6 3. Bg5 Ne4 4. Bh4 c6 5. c3 g6 6. e3 Bg7 7. Nbd2 Bf5 8. Nxe4 Bxe4 9. Nd2 Bf5 10. g4 Be6 11. Bd3 Nd7 12. f4 Nf6 13. f5 gxf5 14. gxf5 Bd7 15. Qf3 Qb6 16. O-O-O O-O-O 17. Kb1 Rhg8 18. Bg3 Bh6 19. h3 Ne8 20. c4 e6 21. c5 Qa5 22. Nb3 Qb4 23. Be1 Qa4 24. fxe6 Bxe6 25. Bxh7 Rh8 26. Bd3 Nc7 27. Na5 Kd7 28. b3 Qa3 29. Qg3 Rdg8 30. Qd6+ Kc8 31. Nxc6 bxc6 32. Qxc6 Bd7 33. Qd6 Bxe3 34. Bc2 Nb5 35. Qe5 Bxd4 36. Rxd4 Nxd4 37. Qxd4 Rh5 38. Rf1 Rg2 39. Rxf7 Rxc2 40. Kxc2 Qxa2+ 41. Qb2 Bf5+ 42. Rxf5 Qxb2+ 43. Kxb2 Rxf5 44. h4 Kb7 45. b4 Kc6 46. Bc3 a6 47. Kb3 Rf4 48. Bf6 Rxf6 49. Ka4 Rh6 0-1


[Site "https://www.chess.com"]

[Event "Titled Tuesday Blitz May 03 Early 2022"]
[White "Korchmar, Vasiliy"]
[Black "Omariev, Maksim"]
[WhiteFideId "24131750"]
[BlackFideId "4193423"]
[WhiteElo "2370"]
[BlackElo "2523"]
[Result "0-1"]
[Round "10"]
[TimeControl "180+1"]
[Date "2022.05.03"]
[WhiteClock "0:00:10"]
[BlackClock "0:00:13"]

1. e4 c5 2. Nf3 d6 3. d4 cxd4 4. Nxd4 Nf6 5. Nc3 a6 6. f3 e6 7. Be3 b5 8. Qd2 Nbd7 9. g4 h6 10. h4 b4 11. Nce2 d5 12. Ng3 dxe4 13. Nxe4 Nxe4 14. fxe4 Bb7 15. O-O-O Bxe4 16. Bg2 Bxg2 17. Qxg2 Rc8 18. g5 hxg5 19. hxg5 Rxh1 20. Qxh1 g6 21. Nxe6 fxe6 22. Qh7 Qc7 23. Qxg6+ Ke7 24. Qh7+ Ke8 25. Rd2 Ne5 26. Qe4 Bg7 27. Bf4 Qc4 28. Rd4 Nd3+ 29. Qxd3 Qxd4 30. Qg6+ Kf8 0-1


[Site "https://www.chess.com"]

[Event "Titled Tuesday Blitz May 03 Early 2022"]
[White "Kozin, Yuri"]
[Black "Sebag, Marie"]
[WhiteFideId "4129920"]
[BlackFideId "617822"]
[WhiteElo "2590"]
[BlackElo "2440"]
[Result "0-1"]
[Round "10"]
[TimeControl "180+1"]
[Date "2022.05.03"]
[WhiteClock "0:00:45"]
[BlackClock "0:00:07"]

1. e4 c5 2. Nf3 d6 3. d4 cxd4 4. Nxd4 Nf6 5. Nc3 a6 6. Be3 e5 7. Nf3 Be7 8. Bc4 O-O 9. O-O Be6 10. Bxe6 fxe6 11. Na4 Nc6 12. Ng5 Re8 13. Nxe6 Qd7 14. Ng5 Rab8 15. Nb6 Qg4 16. f3 Qh5 17. c3 h6 18. Qb3+ d5 19. Ne6 Bd6 20. exd5 Ne7 21. c4 e4 22. fxe4 Qxh2+ 23. Kf2 Ng4+ 24. Ke2 Qxg2+ 25. Kd3 Nxe3 26. Kxe3 Ng6 27. Rg1 Qh3+ 28. Kd2 Qh2+ 29. Kd3 Rxe6 30. c5 Nf4+ 31. Kc4 Rxe4+ 32. Kc3 Be5# 0-1


[Site "https://www.chess.com"]

[Event "Titled Tuesday Blitz May 03 Early 2022"]
[White "Lauridsen, Jesper Morch"]
[Black "Jakubiec, Artur"]
[WhiteFideId "1401890"]
[BlackFideId "1103261"]
[WhiteElo "2251"]
[BlackElo "2473"]
[Result "0-1"]
[Round "10"]
[TimeControl "180+1"]
[Date "2022.05.03"]
[WhiteClock "0:00:08"]
[BlackClock "0:00:46"]

1. e4 c5 2. Nf3 d6 3. d4 cxd4 4. Nxd4 Nf6 5. Nc3 a6 6. Bc4 e6 7. a4 Nbd7 8. Bxe6 fxe6 9. Nxe6 Qb6 10. a5 Qc6 11. Nd5 Nxd5 12. exd5 Qc4 13. b3 Qe4+ 14. Be3 Qxg2 15. Rf1 Ne5 16. f4 Bxe6 17. dxe6 Ng4 18. Qd3 Nxe3 19. Qxe3 Be7 20. Rg1 Qxc2 21. Rc1 Qb2 22. Rc7 Qf6 23. Rxb7 O-O 24. Rg4 Rae8 25. Kf2 g6 26. b4 d5 27. Kg2 Bd6 28. f5 Qxf5 29. Rh4 Qf1# 0-1


[Site "https://www.chess.com"]

[Event "Titled Tuesday Blitz May 03 Early 2022"]
[White "Le Ruyet, Leopold"]
[Black "Ezat, Mohamed"]
[WhiteFideId "645923"]
[BlackFideId "10600906"]
[WhiteElo "2276"]
[BlackElo "2386"]
[Result "0-1"]
[Round "10"]
[TimeControl "180+1"]
[Date "2022.05.03"]
[WhiteClock "0:00:02"]
[BlackClock "0:00:36"]

1. c4 e5 2. Nc3 Nf6 3. Nf3 e4 4. Ng5 b5 5. Ngxe4 Nxe4 6. Nxe4 bxc4 7. d4 d5 8. Nc3 c6 9. e4 Bb4 10. e5 O-O 11. Be2 f6 12. O-O fxe5 13. dxe5 Nd7 14. f4 Nc5 15. Be3 Bf5 16. Bf3 Bd3 17. Ne2 Ne4 18. Nd4 Bc5 19. Bxe4 Bxe4 20. Nf5 Qb6 21. Bxc5 Qxc5+ 22. Qd4 Qxd4+ 23. Nxd4 c5 24. Ne6 Rfb8 25. Rf2 Rc8 26. f5 d4 27. f6 gxf6 28. exf6 Bg6 29. Re1 Bf7 30. Ng5 Re8 31. Ref1 d3 32. Rf4 h6 33. Nxf7 Kxf7 34. Rxc4 Rad8 35. Rxc5 d2 36. Rc7+ Kf8 37. Rh7 d1=Q 38. Rh8+ Kf7 39. Rh7+ Kg6 40. Rg7+ Kh5 41. g4+ Kh4 42. f7 Re1 0-1


[Site "https://www.chess.com"]

[Event "Titled Tuesday Blitz May 03 Early 2022"]
[White "Lehtosaari, Mauri"]
[Black "Mikhalsky, Vladimir"]
[WhiteFideId "501999"]
[BlackFideId "14144352"]
[WhiteElo "2525"]
[BlackElo "2301"]
[Result "0-1"]
[Round "10"]
[TimeControl "180+1"]
[Date "2022.05.03"]
[WhiteClock "0:00:01"]
[BlackClock "0:00:29"]

1. d4 Nf6 2. Nf3 g6 3. Bg5 Bg7 4. Nbd2 d5 5. e3 O-O 6. Be2 h6 7. Bh4 c5 8. c3 Nbd7 9. O-O b6 10. a4 a6 11. Qb3 Bb7 12. Rfd1 Ra7 13. Bg3 Nh5 14. Be5 f6 15. Bg3 Nxg3 16. hxg3 c4 17. Qc2 f5 18. Nh4 Qe8 19. g4 e6 20. f4 Nf6 21. Nf1 Ne4 22. Nf3 fxg4 23. N3d2 Nxd2 24. Qxd2 Bc6 25. Bxg4 Bxa4 26. Re1 Bc6 27. Bd1 g5 28. fxg5 hxg5 29. Ng3 a5 30. Bc2 Qb8 31. Nh5 Raf7 32. Rf1 Rxf1+ 33. Rxf1 Rxf1+ 34. Kxf1 Qh2 35. Qe2 Be8 36. Nxg7 Kxg7 37. Qf3 Qd6 38. Qf2 Qf8 39. Ke2 Bh5+ 40. Ke1 Qxf2+ 41. Kxf2 Kf6 42. e4 Bg6 43. e5+ Kg7 44. Ba4 Kf8 45. Kg3 Be8 46. Bc2 Kg7 47. Kg4 Kh6 48. Bb1 Bg6 49. Ba2 b5 50. Kg3 Bf5 51. b3 Kh5 0-1


[Site "https://www.chess.com"]

[Event "Titled Tuesday Blitz May 03 Early 2022"]
[White "Leiva, Gianmarco"]
[Black "Kadam, Om Manish"]
[WhiteFideId "3804399"]
[BlackFideId "45076294"]
[WhiteElo "2323"]
[BlackElo "1729"]
[Result "1/2-1/2"]
[Round "10"]
[TimeControl "180+1"]
[Date "2022.05.03"]
[WhiteClock "0:00:04"]
[BlackClock "0:00:13"]

1. Nf3 Nf6 2. g3 g6 3. Bg2 Bg7 4. O-O O-O 5. d3 d5 6. Nbd2 c5 7. e4 dxe4 8. dxe4 Nc6 9. c3 Qc7 10. Qc2 Rd8 11. a4 Ng4 12. Nc4 Be6 13. Bf4 Qc8 14. Ne3 Nxe3 15. Bxe3 Bh3 16. Bxc5 Bxg2 17. Kxg2 b6 18. Ba3 Qe6 19. Qe2 h6 20. Rfd1 f5 21. Rxd8+ Rxd8 22. Re1 f4 23. e5 fxg3 24. hxg3 Qd5 25. Qe4 Qxe4 26. Rxe4 e6 27. Bd6 Bf8 28. Bxf8 Kxf8 29. Nd4 Nxd4 30. Rxd4 Rc8 31. Rd7 a5 32. Rh7 Rc5 33. f4 Rc4 34. Rb7 Rxa4 35. Rxb6 Ra2 36. Rxe6 Rxb2+ 37. Kf3 Kf7 38. Rf6+ Kg7 39. Ra6 Rc2 40. Ra7+ Kf8 41. Rxa5 Rxc3+ 42. Kg4 Rc6 43. Ra7 Kg8 44. Rd7 Rc3 45. Re7 Kf8 46. Rh7 h5+ 47. Kh4 Re3 48. Rd7 Kg8 49. g4 hxg4 50. Kxg4 Kf8 51. Kg5 Rg3+ 52. Kf6 Ke8 53. Re7+ Kd8 54. Rf7 Ke8 55. Re7+ Kd8 56. Rf7 Ke8 57. Ke6 Ra3 58. Rd7 Ra4 59. Rb7 Ra6+ 60. Kd5 Ra4 61. Rb8+ Kd7 62. Rf8 Ke7 63. Rf6 Rb4 64. Kc5 Re4 65. Kd5 Ra4 66. Re6+ Kf7 67. Rf6+ Kg7 68. Rb6 Rxf4 69. Ke6 g5 70. Rb7+ Kg6 71. Rb8 Kh7 72. Re8 g4 73. Rd8 g3 74. Rd1 Kg6 75. Rg1 Rf3 76. Kd7 Re3 77. e6 Kf5 78. e7 Rd3+ 79. Kc7 Re3 80. Kd7 Kf4 81. Rf1+ Kg4 82. Rf6 g2 83. Rg6+ Kh3 84. Rh6+ Kg3 85. Rg6+ Kf2 86. Rf6+ Rf3 87. Rg6 Rd3+ 88. Kc6 Re3 89. Kd7 Re5 90. Rg7 Rxe7+ 91. Kxe7 Kf1 92. Rg3 Kf2 93. Rg4 Kf3 94. Rg5 Kf2 95. Rg6 Kf3 96. Ke6 Kf2 97. Rg5 g1=Q 98. Rxg1 Kxg1 1/2-1/2


[Site "https://www.chess.com"]

[Event "Titled Tuesday Blitz May 03 Early 2022"]
[White "Lohani, Sujana"]
[Black "De Souza, Cristiano Gomes"]
[WhiteFideId "12311987"]
[BlackFideId "2151758"]
[WhiteElo "1691"]
[BlackElo "2068"]
[Result "0-1"]
[Round "10"]
[TimeControl "180+1"]
[Date "2022.05.03"]
[WhiteClock "0:00:24"]
[BlackClock "0:01:09"]

1. e4 c5 2. c4 Nc6 3. Nc3 g6 4. d3 Bg7 5. h4 Nf6 6. h5 Nxh5 7. Rxh5 gxh5 8. Qxh5 d6 9. Bh6 Bxh6 10. Qxh6 Be6 11. Qg7 Kd7 12. f4 f5 13. Nd5 Bxd5 14. exd5 Nd4 15. Nf3 Nxf3+ 16. gxf3 Qg8 17. Qxg8 Rhxg8 18. Kf2 e6 19. dxe6+ Kxe6 20. Re1+ Kf6 21. Bh3 Rae8 22. Rh1 Rg6 23. Bf1 h6 24. Rh5 Rf8 25. Bh3 Kg7 26. Bxf5 Rgf6 27. Be4 Rxf4 28. a3 b6 29. b4 R4f6 30. b5 Re8 31. Rh4 Re5 32. Rg4+ Rg5 33. Rh4 Kf8 34. f4 Rg8 35. Kf3 Ke7 36. Rh2 Rg1 37. Rg2 Rxg2 38. Kxg2 Rxf4 39. a4 Kf6 40. Kg1 Rxe4 41. dxe4 Ke5 0-1


[Site "https://www.chess.com"]

[Event "Titled Tuesday Blitz May 03 Early 2022"]
[White "Martin Carmona, Gaston Manuel"]
[Black "Horcajuelo Rocamora, Martin"]
[WhiteFideId "22284567"]
[BlackFideId "24573027"]
[WhiteElo "2146"]
[BlackElo "1822"]
[Result "0-1"]
[Round "10"]
[TimeControl "180+1"]
[Date "2022.05.03"]
[WhiteClock "0:00:34"]
[BlackClock "0:01:03"]

1. d4 Nf6 2. c4 c5 3. d5 e6 4. Nc3 exd5 5. cxd5 d6 6. e4 g6 7. f4 Bg7 8. Bb5+ Nfd7 9. a4 O-O 10. Nf3 c4 11. Bxc4 Nc5 12. Qc2 Bg4 13. O-O Bxf3 14. gxf3 Nbd7 15. Be3 Rc8 16. Qe2 Qh4 17. Nb5 Qf6 18. Nxa7 Ra8 19. Nb5 Rxa4 20. Rxa4 Nxa4 21. b3 Nac5 22. Qd2 Bh6 23. Nd4 Rc8 24. Ne2 Qh4 25. Bf2 Qh3 26. Bg3 Nf6 27. Qd4 Bg7 28. Qe3 h5 29. Be1 Ng4 30. fxg4 Qxe3+ 31. Bf2 Qxe4 0-1


[Site "https://www.chess.com"]